 Dungeon Crawl Stone Soup version 0.29.1-1-gd02db6906a (webtiles) character file.

Game seed: 17102254009623512077

223252 Ashen the Frost Mage (level 18, 0/131 (147) HPs)
             Began as a Demonspawn Ice Elementalist on Sept 14, 2022.
             Was the Champion of Vehumet.
             Slain by a spectral wolf spider (10 damage)
             ... on level 4 of the Spider Nest on Sept 15, 2022.
             The game lasted 02:37:59 (42154 turns).

Ashen the Frost Mage (Demonspawn Ice Elementalist) Turns: 42154, Time: 02:37:59

HP:   0/131 (147)   AC: 13    Str:  7 (10) XL:     18   Next: 55%
MP:   34/34         EV: 18    Int: 25 (28) God:    Vehumet [******]
Gold: 1332          SH:  0    Dex: 12 (14) Spells: 12/41 levels left

rFire   + . .      SeeInvis .   C - +0 short sword (elec)
rCold   . . .      Faith    .   Z - +2 buckler {reflect}
rNeg    . . .      Spirit   .   A - +2 leather armour {rPois}
rPois   +          Reflect  +   U - +1 hat of Knowledge {rF+ Int+5}
rElec   +          Harm     .   i - scarf {+Inv}
rCorr   +          Rampage  .   Q - +1 pair of gloves {hurl}
Will    ++...                   y - +0 pair of boots
Stlth   ++........              w - amulet of magic regeneration
HPRegen 2.31/turn               x - ring of the Octopus King {rCorr HP+2 AC+2 EV+2 SH+2}
MPRegen 0.64/turn               M - ring of flight

@: confused, lethally poisoned (0 -> -3), about to teleport, ambrosia-drunk,
flying, heavily drained
A: thin metallic scales 3, powered by death 2, demonic magic 2, demonic
willpower, demonic touch 2, deformed body
}: 1/15 runes: decaying
a: Renounce Religion, Evoke Invisibility


You were on level 4 of the Spider Nest.
You worshipped Vehumet.
Vehumet was exalted by your worship.
You visited 6 branches of the dungeon, and saw 31 of its levels.
You also visited: Sewer.

You collected 3977 gold pieces.
You spent 2645 gold pieces at shops.

Inventory:

Hand Weapons
 z - the +5 short sword "Puatza Hage" {flame, rN+ Will+++ Int-2 SInv}
   (You found it on level 2 of the Spider Nest)

   It burns those it strikes, dealing additional fire damage.
   Int:       It affects your intelligence (-2).
   rN:        It protects you from negative energy.
   SInv:      It lets you see invisible.
   Will:      It greatly increases your willpower.
 C - a +0 short sword of electrocution (weapon)
 D - a +1 dagger of venom
Missiles
 s - 4 javelins
 Y - 5 silver javelins
Armour
 i - a scarf of invisibility (worn)
 y - a +0 pair of boots (worn)
 A - a +2 leather armour of poison resistance (worn)
 G - a +1 troll leather armour
 Q - a +1 pair of gloves of hurling (worn)
 U - the +1 hat of Knowledge (worn) {rF+ Int+5}
   (You bought it in a shop on level 10 of the Dungeon)

   Int:       It affects your intelligence (+5).
   rF:        It protects you from fire.
 W - the +5 leather armour "Lobycs" {Will+ MP+9 Dex+2}
   (You bought it in a shop on level 10 of the Dungeon)

   Dex:       It affects your dexterity (+2).
   MP:        It affects your magic capacity (+9).
   Will:      It increases your willpower.
 Z - a +2 buckler of reflection (worn)
Magical Staves
 r - a staff of cold
Jewellery
 w - an amulet of magic regeneration (around neck)
 x - a ring of the Octopus King (left hand) {rCorr HP+2 AC+2 EV+2 SH+2}
   (You found it on level 4 of the Dungeon)

   [ring of resist corrosion]

   AC:        It affects your AC (+2).
   EV:        It affects your evasion (+2).
   HP:        It affects your health (+2).
   rCorr:     It protects you from acid and corrosion.
   SH:        It affects your SH (+2).
 M - a ring of flight (right hand)
Wands
 k - a wand of flame (39)
 B - a wand of digging (5)
 K - a wand of polymorph (7)
 R - a wand of roots (29)
 S - a wand of paralysis (19)
 T - a wand of mindburst (13)
 V - a wand of acid (14)
Scrolls
 a - 3 scrolls of blinking
 c - 3 scrolls of butterflies
 g - 8 scrolls of teleportation
 h - 3 scrolls of enchant armour
 m - 3 scrolls of magic mapping
 p - 5 scrolls of immolation
 u - 2 scrolls of poison
 E - 2 scrolls of torment
 I - 5 scrolls of amnesia
 J - 2 scrolls of brand weapon
 L - 8 scrolls of identify
 N - 5 scrolls of enchant weapon
 O - 2 scrolls of vulnerability
 P - 2 scrolls of silence
Potions
 b - a potion of magic
 d - a potion of ambrosia
 f - 8 potions of attraction
 j - 21 potions of curing
 l - 4 potions of brilliance
 n - 4 potions of invisibility
 o - 11 potions of might
 q - 3 potions of haste
 t - 4 potions of mutation
 v - 5 potions of resistance
 F - 5 potions of lignification
 H - 7 potions of flight
 X - a potion of cancellation


   Skills:
 + Level 13.9 Fighting
 - Level 12.0 Short Blades
 + Level 13.2 Dodging
 - Level 10.0 Stealth
 - Level 5.0 Shields
 - Level 12.0 Spellcasting
 + Level 12.1 Conjurations
 - Level 5.0 Necromancy
 * Level 14.6 Ice Magic


You had 12 spell levels left.
You knew the following spells:

 Your Spells              Type           Power      Damage    Failure   Level
a - Freeze                Ice            100%       1d11      0%          1
b - Frozen Ramparts       Ice            100%       1d16      1%          3
c - Ozocubu's Armour      Ice            73%        N/A       1%          3
d - Hailstorm             Conj/Ice       69%        3d14      1%          4
e - Freezing Cloud        Conj/Ice/Air   28%        6-21      1%          5
f - Simulacrum            Ice/Necr       29%        N/A       22%         6
g - Ozocubu's Refrigerat  Ice            36%        4d15      4%          7

Your spell library contained the following spells:

 Spells                   Type           Power      Damage    Failure   Level
 Ignition                 Fire           7%         3d5       100%        8
 Fire Storm               Conj/Fire      22%        8d6       100%        9
 Shatter                  Erth           7%         3d10*     100%        9
 Ensorcelled Hibernation  Hex/Ice        100%       N/A       1%          2
 Conjure Flame            Conj/Fire      45%        6-21      1%          3
 Stone Arrow              Conj/Erth      90%        3d12      1%          3
 Flame Wave               Conj/Fire      45%        2d12      1%          4
 Sticky Flame             Conj/Fire      45%        2d6       1%          4
 Sandblast                Erth           30%        2d9       2%          1
 Scorch                   Fire           30%        2d7       3%          2
 Lightning Bolt           Conj/Air       22%        1d38      4%          5
 Ignite Poison            Fire/Tmut/Pois 15%        N/A       6%          3
 Apportation              Tloc           30%        N/A       8%          1
 Dispel Undead            Necr           40%        3d16      10%         4
 Blink                    Tloc           30%        N/A       12%         2
 Passwall                 Tmut/Erth      12%        N/A       12%         2
 Airstrike                Air            7%         2d(2-18)  19%         4
 Gell's Gravitas          Tloc           15%        N/A       22%         3
 Lesser Beckoning         Tloc           15%        N/A       22%         3
 Swiftness                Air            15%        N/A       22%         3
 Teleport Other           Tloc           15%        N/A       22%         3
 Tukima's Dance           Hex            15%        N/A       22%         3
 Anguish                  Hex/Necr       13%        N/A       26%         4
 Corpse Rot               Necr/Pois/Air  23%        N/A       36%         4
 Lee's Rapid Deconstruct  Erth           7%         3d8*      45%         5
 Yara's Violent Unravell  Hex/Tmut       7%         3d5       45%         5
 Animate Armour           Summ/Erth      30%        N/A       58%         4
 Leda's Liquefaction      Hex/Erth       7%         N/A       58%         4
 Passage of Golubria      Tloc           15%        N/A       58%         4
 Summon Lightning Spire   Summ/Air       15%        N/A       58%         4
 Death Channel            Necr           20%        N/A       83%         6
 Alistair's Intoxication  Tmut/Pois      10%        N/A       91%         5
 Manifold Assault         Tloc           15%        N/A       91%         5
 Summon Forest            Summ/Tloc      7%         N/A       91%         5
 Eringya's Noxious Bog    Tmut/Pois      7%         N/A       94%         6
 Polar Vortex             Ice            36%        N/A       98%         9
 Dispersal                Tloc           7%         N/A       100%        6
 Statue Form              Tmut/Erth      10%        N/A       100%        6
 Summon Cactus Giant      Summ           7%         N/A       100%        6
 Enfeeble                 Hex            7%         N/A       100%        7
 Summon Hydra             Summ           7%         N/A       100%        7
 Disjunction              Tloc           7%         N/A       100%        8
 Lehudib's Crystal Spear  Conj/Erth      22%        10d6      100%        8


Dungeon Overview and Level Annotations

Branches:
Dungeon (15/15)            Temple (1/1) D:5            Lair (5/5) D:9
  Swamp (4/4) Lair:2       Spider (4/4) Lair:3        Slime (0/5) Lair:4
    Orc (2/2) D:10            Elf (0/3) Orc:2        Vaults (0/5) D:14
 Depths (0/4) D:15          Sewer (visited)

Altars:
Ashenzari
Cheibriados
Dithmenos
Fedhas
Gozag
Hepliaklqana
Kikubaaqudgha
Makhleb
Nemelex Xobeh
Okawaru
Qazlal
Ru
Sif Muna
Trog
Uskayaw
Vehumet
Wu Jian
Xom
Yredelemnul

Shops:
D:6 :*(((   D:7 =   D:10 [   D:11 [   Orc:2 *=(::(!

Portals:
Trove: D:13 (give +3 shadow dragon scales)

Annotations:
D:11 3 runed translucent doors, p0werm0de's ghost, journeyman GnAM


Innate Abilities, Weirdness & Mutations

You are completely covered in thin metallic scales. (AC +4, rElec)
You regenerate health from kills.
Spells you cast may paralyse nearby enemies.
You punish those that try to bend your will. (Will+)
Your touch may inflict irresistible damage on your foes.
Armour fits poorly on your strangely shaped body.


Message History

The spectral wolf spider is engulfed in freezing vapours.
The spectral wolf spider completely misses you.
The spectral wolf spider bites you but does no damage.
The spectral wolf spider is engulfed in freezing vapours. x2
You block the spectral wolf spider's attack.
The spectral wolf spider completely misses you.
The spectral wolf spider is engulfed in freezing vapours.
The spectral wolf spider closely misses you.
The spectral wolf spider bites you but does no damage.
The wolf spider hits you but does no damage.
The wolf spider bites you but does no damage.
The spectral wolf spider is engulfed in freezing vapours.
The spectral wolf spider hits you.
You block the spectral wolf spider's attack.
The spectral wolf spider is engulfed in freezing vapours.
Unknown command.
You are confused.
You feel invigorated.
You feel very sick.
The spectral wolf spider is engulfed in freezing vapours.
The spectral wolf spider closely misses you.
The spectral wolf spider bites you.
The spectral wolf spider is engulfed in freezing vapours.
The spectral wolf spider barely misses you.
The spectral wolf spider bites you.
You feel drained.
A spectral wolf spider comes into view.
The wolf spider hits you!
* * * LOW HITPOINT WARNING * * *
The wolf spider bites you!
* * * LOW HITPOINT WARNING * * *
The spectral wolf spider is engulfed in freezing vapours.
The spectral wolf spider hits you!
* * * LOW HITPOINT WARNING * * *
The spectral wolf spider misses you.
The spectral wolf spider is engulfed in freezing vapours. x2
The spectral wolf spider hits you but does no damage.
The spectral wolf spider misses you.
The spectral wolf spider is engulfed in freezing vapours.
The spectral wolf spider hits you!
You die...

##^...^......##..#
#^...####^#..###.# ##^...# ###..#
#.# #^...## ##.# #.### ####
#..### .### #...###..# #..#######
§§# ###.^##... ##..##^##.##Z§#
##..^... ##.........sZZ.# ###....
##.....###..@Z#.# ##...
##......######Z..# #....
#..##...##..^...### #....
###...^....##...☼##^# #....
##..<.#.#...########.# #....
#.....#.......###.#..##### ##^.#
##..^#####...........^##.#####...
###.^.^####^.....^..^......#."...
#.##....# ##..#.#####..........).


You could see a wolf spider and 5 spectral wolf spiders.

Vanquished Creatures
  the Lernaean hydra (Swamp:4)
  Gastronok (Lair:3)
  2 thorn hunters
  A fenstrider witch (Swamp:3)
  An emperor scorpion (Spider:1)
  An orc warlord (Orc:1)
  4 ghost moths
  An ironbound preserver (D:14)
  2 broodmothers
  Azrael (D:14)
  2 entropy weavers
  A bunyip (Swamp:2)
  2 eleionomae
  2 spark wasps
  Snorg (D:11)
  An ettin (Orc:1)
  A rakshasa (D:15)
  25 hydras
  Josephine (Swamp:1)
  2 catoblepae (D:15)
  2 ogre magi (Orc:2)
  6 boulder beetles
  6 centaur warriors
  2 ghost crabs
  3 radroaches
  A death knight (D:13)
  4 alligators
  11 two-headed ogres
  2 orc high priests
  15 death yaks
  Sonja (Lair:1)
  A tengu warrior (D:14)
  A skeletal warrior (D:13)
  A sun moth (Spider:3)
  5 pharaoh ants
  4 steelbarb worms
  6 goliath frogs
  A death drake (Swamp:4)
  3 spriggan druids
  A glowing orange brain (D:15)
  2 deep trolls (Orc:2)
  7 bog bodies
  3 orb spiders
  A steelbarb worm (shapeshifter) (D:15)
  4 wizards (D:12)
  Pikel (D:7)
  2 spectral wolf spiders (Spider:4)
  A wolf spider zombie (Spider:4)
  4 swamp dragons
  3 deep elf pyromancers
  6 manticores
  2 orc sorcerers (Orc:1)
  2 will-o-the-wisps (Swamp:2)
  10 cyclopes
  11 ugly things
  12 wolf spiders
  9 elephants
  Maurice (D:8)
  A black mamba (shapeshifter) (D:13)
  A moth of wrath (Spider:4)
  2 black mambas
  2 molten gargoyles (D:11)
  A torpor snail (Lair:5)
  12 cane toads
  An unseen horror (D:12)
  9 demonic crawlers
  10 rime drakes
  Psyche (D:12)
  A yaktaur (D:15)
  9 komodo dragons
  An efreet (D:14)
  A tengu conjurer (D:14)
  3 freezing wraiths
  3 meliai (Spider:3)
  12 trolls
  6 polar bears
  2 wolf spider simulacra (Spider:4)
  5 hornets
  A bloated husk (Swamp:1)
  18 blink frogs
  11 slime creatures
  16 tarantellas
  Prince Ribbit (D:8)
  10 dream sheep
  10 tyrant leeches
  17 jumping spiders
  A centaur simulacrum (D:14)
  19 culicivoras
  3 shadows
  Sigmund (D:2)
  4 fire elementals (D:14)
  A vampire (D:11)
  15 wraiths
  23 spriggans
  34 yaks
  Eustachio (D:5)
  10 basilisks
  10 wyverns
  A steam dragon (D:7)
  37 redbacks
  15 vampire mosquitoes
  A warg (Orc:1)
  17 swamp worms
  4 acid dragons
  8 water moccasins
  3 hell hounds (D:14)
  28 orc warriors
  8 swamp drakes
  21 ogres
  6 black bears
  2 ice beasts (D:5)
  2 sky beasts (D:7)
  5 boggarts (Lair:5)
  18 wolves
  7 centaurs
  3 lemures (D:7)
  A phantom (D:6)
  5 kobold brigands (Sewer)
  2 gnoll sergeants
  10 bullfrogs
  7 necrophages
  10 scorpions
  8 wights
  5 killer bees (D:9)
  9 howler monkeys
  3 electric eels
  5 lava snakes (D:11)
  4 jellies
  2 gnoll boudas
  19 orc priests
  5 hounds (D:5)
  Jessica (D:2)
  Terence (D:3)
  9 iguanas
  23 orc wizards
  3 hell rats (Lair:4)
  A mummy (D:5)
  24 gnolls
  A river rat (Sewer)
  17 adders
  2 shadow imps
  3 white imps
  4 worms
  4 dart slugs
  97 orcs
  13 endoplasms
  4 giant cockroaches
  5 goblins
  6 hobgoblins
  7 jackals
  7 quokkas (D:3)
  9 ball pythons
  7 bats
  3 frilled lizards
  11 kobolds
  13 rats
  4 briar patches (Swamp:2)
1059 creatures vanquished.

Vanquished Creatures (collateral kills)
  Arachne (Spider:3)
  A ghost moth (Spider:2)
  3 emperor scorpions (Spider:2)
  A broodmother (Spider:3)
  4 entropy weavers
  2 bunyips
  A spark wasp (Spider:3)
  A boulder beetle (Spider:4)
  A radroach (Spider:2)
  5 hydras
  A sun moth (Spider:4)
  4 pharaoh ants
  A goliath frog (Swamp:3)
  3 steelbarb worms
  5 swamp dragons
  4 bog bodies (Swamp:4)
  3 orb spiders
  12 wolf spiders
  A slime creature (D:15)
  7 torpor snails
  6 demonic crawlers
  2 tyrant leeches
  3 meliai (Spider:3)
  A hornet (Swamp:1)
  7 tarantellas
  18 jumping spiders
  2 spriggans
  7 culicivoras
  25 redbacks
  2 swamp worms
  A swamp drake (Swamp:4)
  2 electric eels (Spider:4)
137 creatures vanquished.

Vanquished Creatures (others)
  A bloated husk (Swamp:4)
  A swamp drake (Swamp:1)
  An orc wizard (Orc:1)
  8 foxfires (Swamp:2)
  45 fungi
  26 plants
82 creatures vanquished.

Grand Total: 1278 creatures vanquished

Notes
Turn   | Place    | Note
-------+----------+-------------------------------------------
     0 | D:1      | Ashen the Demonspawn Ice Elementalist began the quest for
                  | the Orb.
     0 | D:1      | Reached XP level 1. HP: 13/13 MP: 3/3
   216 | D:1      | Gained mutation: You are partially covered in thin metallic
                  | scales. (AC +2) [demonic ancestry]
   216 | D:1      | Reached XP level 2. HP: 11/19 MP: 0/5
  1088 | D:2      | Gained mutation: You regenerate a little health from kills.
                  | [demonic ancestry]
  1088 | D:2      | Reached XP level 3. HP: 11/24 MP: 2/6
  1255 | D:2      | Reached skill level 4 in Ice Magic
  1363 | D:2      | Noticed Sigmund
  1496 | D:2      | Noticed Jessica
  1513 | D:2      | Killed Jessica
  1514 | D:2      | Reached XP level 4. HP: 15/30 MP: 3/8
  1823 | D:2      | Learned a level 3 spell: Frozen Ramparts
  1827 | D:2      | Learned a level 3 spell: Ozocubu's Armour
  2014 | D:3      | Found a glowing drain.
  2048 | Sewer    | Entered a sewer
  2426 | Sewer    | Noticed a kobold brigand
  2470 | Sewer    | Killed a kobold brigand
  2471 | Sewer    | Gained mutation: Spells you cast may paralyse adjacent
                  | enemies. [demonic ancestry]
  2471 | Sewer    | Reached XP level 5. HP: 35/35 MP: 0/9
  2854 | Sewer    | Gained mutation: Your touch may inflict minor irresistible
                  | damage on your foes. [demonic ancestry]
  2854 | Sewer    | Reached XP level 6. HP: 40/42 MP: 9/11
  3061 | Sewer    | Reached skill level 1 in Fighting
  3131 | Sewer    | Reached skill level 1 in Short Blades
  3255 | Sewer    | Reached XP level 7. HP: 37/48 MP: 12/12
  3329 | D:3      | Noticed Terence
  3338 | D:3      | Killed Terence
  3472 | D:3      | Found a sacrificial altar of Ru.
  3473 | D:3      | Found a hide-covered altar of Uskayaw.
  4210 | D:4      | Found a burning altar of Makhleb.
  4327 | D:4      | Reached skill level 5 in Ice Magic
  4376 | D:4      | Learned a level 4 spell: Hailstorm
  4483 | D:4      | Found the ring of the Octopus King
  4490 | D:4      | Identified a ring of the Octopus King {rCorr HP+2 AC+2 EV+2
                  | SH+2}
  4794 | D:5      | Entered Level 5 of the Dungeon
  4836 | D:5      | Found a staircase to the Ecumenical Temple.
  4865 | D:5      | Gained mutation: Your touch may inflict irresistible damage
                  | on your foes. [demonic ancestry]
  4865 | D:5      | Reached XP level 8. HP: 57/57 MP: 7/14
  5036 | Temple   | Entered the Ecumenical Temple
  5110 | D:5      | Noticed Eustachio
  5166 | D:5      | Killed Eustachio
  5352 | D:5      | Reached skill level 5 in Stealth
  5437 | D:5      | Found a bloodstained altar of Trog.
  5437 | D:5      | Found an iron altar of Okawaru.
  5713 | D:5      | Reached skill level 5 in Spellcasting
  5729 | D:5      | Reached XP level 9. HP: 65/65 MP: 11/16
  5827 | D:5      | Reached skill level 5 in Dodging
  5827 | D:5      | Reached skill level 6 in Ice Magic
  5993 | D:5      | Found a snail-covered altar of Cheibriados.
  6185 | D:6      | Found Dohoonipti's Weapon Shoppe.
  6214 | D:6      | Found a hazy altar of Hepliaklqana.
  6309 | D:6      | Found Ulupih's Antique Weapon Shop.
  6324 | D:6      | Bought a crystal mace for 136 gold pieces
  6324 | D:6      | Identified the +5 mace of the Priest {spect, rPois Dex+3}
                  | (You bought it in a shop on level 6 of the Dungeon)
  6324 | D:6      | Bought a jewelled hand axe for 136 gold pieces
  6324 | D:6      | Identified the +5 hand axe "Egint" {flame, rN+ Dex+5} (You
                  | bought it in a shop on level 6 of the Dungeon)
  6340 | D:6      | Found Poamum's Antique Weapon Boutique.
  6479 | D:6      | Found Xuocur's General Store.
  6501 | D:6      | Bought a scroll of blinking for 97 gold pieces
  6525 | D:6      | Identified the +3 scale mail "Lueriset" {MP+9 Str+7}
  6870 | D:6      | Found Sang's Book Boutique.
  7146 | D:7      | Found an opulent altar of Gozag.
  7201 | D:7      | Reached skill level 5 in Fighting
  7484 | D:7      | Noticed Pikel
  7505 | D:7      | Killed Pikel
  7506 | D:7      | Gained mutation: You are mostly covered in thin metallic
                  | scales. (AC +3) [demonic ancestry]
  7506 | D:7      | Reached XP level 10. HP: 64/74 MP: 9/19
  7768 | D:7      | Found an ornate altar of the Wu Jian Council.
  8145 | D:7      | Found Reulux's Jewellery Shoppe.
  8316 | D:2      | Killed Sigmund
  8462 | D:8      | Noticed Prince Ribbit
  8470 | D:8      | Reached skill level 5 in Short Blades
  8474 | D:8      | Reached skill level 7 in Ice Magic
  8476 | D:8      | Killed Prince Ribbit
  8709 | D:8      | Noticed Maurice
  8718 | D:8      | Killed Maurice
  8878 | D:8      | Found a radiant altar of Vehumet.
  8920 | D:8      | Became a worshipper of Vehumet
  9605 | D:9      | Noticed a death yak
  9606 | D:9      | Noticed a death yak
  9608 | D:9      | Noticed a death yak
  9608 | D:9      | Noticed a death yak
  9608 | D:9      | Noticed a death yak
  9609 | D:9      | Found a staircase to the Lair.
  9611 | D:9      | Noticed a death yak
  9615 | D:9      | Noticed a death yak
  9628 | D:9      | Killed a death yak
  9651 | D:8      | Killed a death yak
  9652 | D:8      | Gained mutation: You regenerate health from kills. [demonic
                  | ancestry]
  9652 | D:8      | Reached XP level 11. HP: 16/83 MP: 1/21
 10242 | D:7      | Killed a death yak
 10257 | D:7      | Killed a death yak
 11089 | D:7      | Killed a death yak
 11257 | D:7      | Found Reulux's Jewellery Shoppe.
 11472 | D:7      | Found an opulent altar of Gozag.
 11720 | D:8      | Killed a death yak
 11775 | D:9      | Killed a death yak
 11978 | D:9      | Reached skill level 8 in Ice Magic
 12686 | D:6      | Bought the +0 leather armour "Peyqoptou" {Rampage} for 117
                  | gold pieces
 12686 | D:6      | Bought a scroll of identify for 26 gold pieces
 12686 | D:6      | Bought a scroll of enchant weapon for 97 gold pieces
 12768 | D:10     | Entered Level 10 of the Dungeon
 12984 | D:10     | Found Egejes's Antique Armour Shop.
 13040 | D:10     | Reached * piety under Vehumet
 13040 | D:10     | Offered knowledge of Foxfire by Vehumet.
 13047 | D:10     | Reached skill level 1 in Conjurations
 13115 | D:10     | Found a staircase to the Orcish Mines.
 13386 | D:10     | Noticed a two-headed ogre
 13394 | D:10     | Killed a two-headed ogre
 14228 | D:11     | Reached ** piety under Vehumet
 14319 | D:11     | Offered knowledge of Scorch by Vehumet.
 14327 | D:11     | Gained mutation: You are completely covered in thin
                  | metallic scales. (AC +4, rElec) [demonic ancestry]
 14327 | D:11     | Reached XP level 12. HP: 85/91 MP: 17/23
 14395 | D:11     | Found Zeyxotamn's Armour Boutique.
 14401 | D:11     | Bought a +1 pair of gloves of hurling for 214 gold pieces
 14431 | D:11     | Found a runed translucent gate.
 14431 | D:11     | Found a runed translucent gate.
 14431 | D:11     | Found a runed translucent gate.
 14431 | D:11     | Noticed p0werm0de's ghost (journeyman GnAM)
 14448 | D:11     | Noticed Snorg
 14467 | D:11     | Killed Snorg
 14474 | D:11     | Noticed a boulder beetle
 14760 | D:11     | Killed a boulder beetle
 14785 | D:11     | Noticed a two-headed ogre
 14789 | D:11     | Killed a two-headed ogre
 15068 | D:11     | Noticed a five-headed hydra
 15077 | D:11     | Killed a five-headed hydra
 15240 | D:11     | Noticed a two-headed ogre
 15249 | D:11     | Killed a two-headed ogre
 15688 | Orc:1    | Entered Level 1 of the Orcish Mines
 15692 | Orc:1    | Noticed an orc warlord
 15707 | Orc:1    | Offered knowledge of Static Discharge by Vehumet.
 15734 | Orc:1    | Killed an orc warlord
 15770 | Orc:2    | Entered Level 2 of the Orcish Mines
 15934 | Orc:2    | Found Capupoaj's Distillery.
 15972 | Orc:2    | Found Zevef's Antique Weapon Boutique.
 16008 | Orc:2    | Reached *** piety under Vehumet
 16040 | Orc:2    | Offered knowledge of Iskenderun's Mystic Blast by Vehumet.
 16047 | Orc:2    | Noticed an ogre mage
 16054 | Orc:2    | Reached skill level 9 in Ice Magic
 16060 | Orc:2    | Noticed a two-headed ogre
 16062 | Orc:2    | Noticed a two-headed ogre
 16063 | Orc:2    | Killed an ogre mage
 16069 | Orc:2    | Killed a two-headed ogre
 16075 | Orc:2    | Killed a two-headed ogre
 16089 | Orc:2    | Noticed a two-headed ogre
 16105 | Orc:2    | Reached **** piety under Vehumet
 16117 | Orc:2    | Noticed a two-headed ogre
 16126 | Orc:2    | Reached XP level 13. HP: 92/99 MP: 6/25
 16194 | Orc:2    | Reached skill level 5 in Conjurations
 16544 | Orc:2    | Offered knowledge of Ignite Poison by Vehumet.
 16625 | Orc:2    | Bought a potion of heal wounds for 70 gold pieces
 16625 | Orc:2    | Bought a potion of lignification for 42 gold pieces
 16625 | Orc:2    | Bought a potion of flight for 42 gold pieces
 16766 | Orc:2    | Found a staircase to the Elven Halls.
 16806 | Orc:2    | Found Jeixeung's Jewellery Shop.
 16833 | Orc:2    | Found Elipuaca's Book Shoppe.
 16836 | Orc:2    | Found Zaryrule's Weapon Emporium.
 16837 | Orc:2    | Found Woetyw's Assorted Antiques.
 16851 | Orc:2    | Found Yruripe's Book Emporium.
 16855 | Orc:2    | Bought a scroll of identify for 52 gold pieces
 16855 | Orc:2    | Bought a scroll labelled RIWOQI LYQI for 26 gold pieces
 17311 | Orc:1    | Noticed an ettin
 17318 | Orc:1    | Killed an ettin
 17773 | Orc:1    | Reached ***** piety under Vehumet
 17828 | Orc:1    | Offered knowledge of Lee's Rapid Deconstruction by Vehumet.
 18242 | Lair:1   | Entered Level 1 of the Lair of Beasts
 18504 | Lair:1   | Reached skill level 10 in Stealth
 18641 | Lair:1   | Noticed Sonja
 18650 | Lair:1   | Killed Sonja
 20160 | Lair:2   | Reached skill level 10 in Ice Magic
 20401 | Lair:2   | Reached XP level 14. HP: 108/108 MP: 8/27
 20833 | Lair:2   | Found a staircase to the Swamp.
 20978 | Lair:3   | Noticed Gastronok
 21000 | Lair:3   | Killed Gastronok
 21893 | Lair:3   | Found a hole to the Spider Nest.
 22300 | Lair:3   | Reached skill level 10 in Fighting
 22373 | Spider:1 | Entered Level 1 of the Spider Nest
 22514 | Lair:4   | Found a staircase to the Slime Pits.
 22539 | Lair:4   | Reached skill level 10 in Spellcasting
 22960 | Lair:4   | Reached skill level 10 in Dodging
 23070 | Lair:4   | Offered knowledge of Sticky Flame by Vehumet.
 23278 | Lair:5   | Entered Level 5 of the Lair of Beasts
 24007 | Lair:5   | Reached XP level 15. HP: 117/117 MP: 18/29
 24219 | Lair:5   | Reached skill level 11 in Ice Magic
 24541 | Lair:5   | Reached skill level 10 in Short Blades
 24544 | Lair:5   | Upgraded the game from 0.29.1 to 0.29.1-1-gd02db6906a
 24622 | Lair:5   | Offered knowledge of Fireball by Vehumet.
 25085 | Lair:5   | Learned a level 5 spell: Freezing Cloud
 25092 | Lair:5   | Learned a level 6 spell: Simulacrum
 25915 | D:12     | Identified the +0 robe of Vanuycsa {rPois rF- Int+4}
 26175 | D:12     | Noticed Psyche
 26180 | D:12     | Killed Psyche
 26661 | D:13     | Found a portal to a secret trove of treasure.
 27753 | D:14     | Noticed Azrael
 27761 | D:14     | Killed Azrael
 27897 | D:14     | Reached ****** piety under Vehumet
 27900 | D:14     | Reached skill level 1 in Necromancy
 27978 | D:14     | Found a gate to the Vaults.
 28019 | D:14     | Offered knowledge of Starburst by Vehumet.
 28241 | D:14     | Found a shimmering blue altar of Sif Muna.
 28574 | D:15     | Entered Level 15 of the Dungeon
 28726 | D:15     | Found an ornate altar of the Wu Jian Council.
 28763 | D:15     | Gained mutation: Spells you cast may paralyse nearby
                  | enemies. [demonic ancestry]
 28763 | D:15     | Reached XP level 16. HP: 114/127 MP: 23/31
 29114 | D:15     | Found a staircase to the Depths.
 30094 | D:10     | Bought a shiny buckler for 225 gold pieces
 30094 | D:10     | Bought a faintly glowing leather armour for 210 gold pieces
 30094 | D:10     | Identified the +5 leather armour "Lobycs" {Will+ MP+9
                  | Dex+2} (You bought it in a shop on level 10 of the Dungeon)
 30094 | D:10     | Bought a runed scarf for 240 gold pieces
 30094 | D:10     | Bought a heavily runed hat for 270 gold pieces
 30094 | D:10     | Identified the +1 hat of Knowledge {rF+ Int+5} (You bought
                  | it in a shop on level 10 of the Dungeon)
 30094 | D:10     | Bought a pair of jewelled boots for 285 gold pieces
 30094 | D:10     | Identified the +1 pair of boots of Vampiric Thralls {Harm
                  | rElec} (You bought it in a shop on level 10 of the Dungeon)
 30214 | D:7      | Bought an amulet of magic regeneration for 360 gold pieces
 30371 | Swamp:1  | Entered Level 1 of the Swamp
 30420 | Swamp:1  | Noticed Josephine
 30429 | Swamp:1  | Killed Josephine
 30506 | Swamp:1  | Reached skill level 1 in Shields
 30596 | Swamp:1  | Identified the +6 trident of Vyshusue {freeze, Fly}
 30607 | Swamp:1  | Reached skill level 12 in Ice Magic
 31114 | Swamp:2  | Noticed a thorn hunter
 31128 | Swamp:2  | Killed a thorn hunter
 31297 | Swamp:2  | Offered knowledge of Spellforged Servitor by Vehumet.
 31737 | Swamp:2  | You are sucked into a shaft and drop 1 floor!
 31739 | Swamp:3  | Reached skill level 10 in Conjurations
 31847 | Swamp:3  | Reached skill level 5 in Necromancy
 32747 | Swamp:3  | Paralysed by a fenstrider witch for 2 turns
 33150 | Swamp:4  | Entered Level 4 of the Swamp
 33208 | Swamp:4  | Gained mutation: You punish those that try to bend your
                  | will. (Will+) [demonic ancestry]
 33208 | Swamp:4  | Reached XP level 17. HP: 102/135 MP: 12/32
 33261 | Swamp:4  | Noticed the 27-headed Lernaean hydra
 33266 | Swamp:4  | Killed the 27-headed Lernaean hydra
 33267 | Swamp:4  | Offered knowledge of Ozocubu's Refrigeration by Vehumet.
 33275 | Swamp:4  | Identified the +0 plate armour "Ytuked" {rPois}
 33295 | Swamp:4  | Got a decaying rune of Zot
 35364 | Spider:1 | Gained mutation: Armour fits poorly on your strangely
                  | shaped body. [mutagenic glow]
 35877 | Spider:1 | Learned a level 7 spell: Ozocubu's Refrigeration
 36623 | Spider:2 | Offered knowledge of Iron Shot by Vehumet.
 37311 | Spider:2 | Reached skill level 13 in Ice Magic
 37349 | Spider:2 | Reached skill level 5 in Shields
 37889 | Spider:2 | Identified the +5 short sword "Puatza Hage" {flame, rN+
                  | Will+++ Int-2 SInv}
 38834 | Spider:3 | Noticed Arachne
 38920 | Spider:3 | Reached XP level 18. HP: 143/143 MP: 29/34
 38977 | Spider:3 | Killed Arachne
 39227 | Spider:3 | Offered knowledge of Fire Storm by Vehumet.
 39227 | Spider:3 | Offered knowledge of Shatter by Vehumet.
 39227 | Spider:3 | Offered knowledge of Ignition by Vehumet.
 39546 | Spider:3 | Reached skill level 14 in Ice Magic
 40275 | Spider:4 | Entered Level 4 of the Spider Nest
 42154 | Spider:4 | Slain by a spectral wolf spider

Illustrated notes

Levels and vault maps discovered:
D:1:      scummos_arrival_star, layout_loops_ring
D:2:      layout_rooms, minmay_shallow_snake_nest, uniq_sigmund, uniq_jessica
D:3:      layout_loops_ring, jmf_multi_god_temple, portal_sewer_entry_f,
          feat_on_display, uniq_terence
D:4:      layout_gridville, mainiacjoe_overflow_24_doors
D:5:      old_forge, layout_basic, grunt_temple_overflow_bloody_war,
          chei_slow_surprise, temple_pool_b, chequers_serial_rivers_micro_c,
          nzn_random_ring, uniq_eustachio
D:6:      layout_loops_ring, nicolae_overflow_squiral, serial_shops,
          nicolae_shop_hallway_plus, shop, shop, shop,
          nicolae_shop_overgrown_old_shop, minmay_checkerbox
D:7:      layout_cave_pods, nicolae_gozag_seed_capital,
          mainiacjoe_overflow_catwalk, lemuel_doored_altar, serial_shops,
          kennysheep_mini, chequers_serial_rivers_room_a, uniq_pikel
D:8:      layout_loops_ring, vehumet_crystals, uniq_maurice, uniq_prince_ribbit1
D:9:      layout_grid_maze, dpeg_lair_monsters, solitary_fountain
D:10:     layout_long_grid, erik_orc_1, serial_shops, nicolae_shop_statue_plus,
          kennysheep_donut
D:11:     cheibrodos_magma_flow, layout_stronghold, serial_shops, shop,
          ebering_ghost_rock_garden, kennysheep_generic_room_10, uniq_snorg
D:12:     minmay_wizard_corner, layout_loops_cross, uniq_psyche
D:13:     layout_layer_cave, enter_trove_3
D:14:     layout_basic, skrybe_vaults_entry_preservation,
          nicolae_sif_muna_condensation, uniq_azrael
D:15:     gammafunk_enter_depths_forms, layout_loops_ring,
          hangedman_abyss_or_decor_jellyfish_corner, nzn_wu_jian_council_hall
Temple:   nicolae_temple_ecumenical_triangle
Lair:1:   layout_hall_layers, lemuel_fruit_tree, uniq_sonja
Lair:2:   layout_regular_city, palyth_hydra_swamp_entry, pond
Lair:3:   layout_regular_city, nicolae_spider_entry_tight_spaces,
          small_statue_intersection, wad_woods_01, uniq_gastronok
Lair:4:   layout_hall_layers, minmay_slime_entry_pillars, special_room
          [special_room_mythical_zoo], roderic_carrion_pond
Lair:5:   minmay_lair_end_enchanted_forest, layout_small_grid, st_stairs_6,
          chequers_serial_rivers_small_3
Swamp:1:  layout_basic_swamp, nicolae_swamp_fairy_circle, swamp_pool1,
          uniq_josephine
Swamp:2:  layout_falls_marsh, nicolae_swamp_round_clearing
Swamp:3:  layout_falls_marsh, evilmike_swamp_ruin_house_2
Swamp:4:  grunt_swamp_rune_castle, layout_basic_swamp,
          evilmike_swamp_ruin_house_4, nicolae_swamp_well_well_well
Spider:1: layout_spider_delve
Spider:2: layout_spider_delve, worms_lemuel
Spider:3: layout_chambers, nicolae_spider_cling_ruins,
          nicolae_spider_twisty_arc_passages, uniq_arachne
Spider:4: spider_rune_water, nicolae_spider_undead_wolf_pack
Orc:1:    nicolae_orc_accident_3, layout_caves, portal_ice_cave_rime,
          nicolae_volcano_entry_s_turn
Orc:2:    st_orc_open, layout_caves, serial_shops, nicolae_diamond_shop, shop,
          shop_statue, minmay_orc_temple_c

Skill      XL: |  1  2  3  4  5  6  7  8  9 10 11 12 13 14 15 16 17 18 |
---------------+-------------------------------------------------------+-----
Dodging        | 2 3 4 5 6 7 8 9 10 11 12 13 | 13.2
Stealth        | 2 3 4 5 6 7 8 9 10 | 10.0
Ice Magic      | 4 5 6 7 8 9 10 11 12 13 14 | 14.6
Spellcasting   | 3 4 5 6 7 8 9 10 11 12 | 12.0
Fighting       | 1 2 3 5 6 7 8 9 10 11 12 13 | 13.9
Short Blades   | 1 2 3 4 5 6 7 8 9 10 11 12 | 12.0
Conjurations   | 2 4 6 8 9 10 11 12 | 12.1
Necromancy     | 2 5 |  5.0
Shields        | 3 5 |  5.0

Action                   |  1- 3 |  4- 6 |  7- 9 | 10-12 | 13-15 | 16-18 || total
-------------------------+-------+-------+-------+-------+-------+-------++-------
Melee: Unarmed           |    24 |       |       |    19 |       |       ||    43
       Club              |       |    68 |       |       |       |       ||    68
       Short sword       |       |    53 |   236 |   335 |   832 |   659 ||  2115
       Touch             |       |     3 |    38 |    68 |   172 |     6 ||   287
       Punch             |       |     1 |     3 |    10 |    17 |     2 ||    33
       Staff             |       |       |       |       |       |     7 ||     7
 Cast: Freeze            |    53 |    30 |    67 |    95 |    66 |    13 ||   324
       Ozocubu's Armour  |       |     4 |    16 |    45 |   101 |    45 ||   211
       Frozen Ramparts   |       |     3 |    14 |    33 |    44 |    17 ||   111
       Hailstorm         |       |       |       |    32 |    89 |    14 ||   135
       Freezing Cloud    |       |       |       |       |    39 |    96 ||   135
       Simulacrum        |       |       |       |       |       |   109 ||   109
       Ozocubu's Refrige |       |       |       |       |       |    85 ||    85
Evoke: Wand              |       |       |       |     5 |     3 |     1 ||     9
  Use: Scroll            |       |       |       |    14 |    13 |     8 ||    35
       Potion            |       |       |       |     1 |     7 |     7 ||    15
 Stab: Sleeping          |       |     2 |    18 |    14 |    36 |    20 ||    90
       Paralysed         |       |    10 |    40 |    58 |   106 |    83 ||   297
       Distracted        |       |       |     1 |     1 |     4 |     7 ||    13
       Invisible         |       |       |       |       |     1 |       ||     1
Armor: Robe              |    31 |    36 |    66 |       |       |       ||   133
       Leather armour    |       |       |     7 |   174 |   285 |   284 ||   750
       Skin              |       |       |     1 |     8 |       |       ||     9
       Troll leather arm |       |       |       |       |    64 |     7 ||    71
Dodge: Dodged            |    33 |    61 |   172 |   359 |   615 |   569 ||  1809
Block: Other             |       |       |    12 |    39 |    53 |       ||   104
       Buckler           |       |       |       |       |       |   315 ||   315
